Map: Ruines d’Endion

Players

HabboThis - Winner!

  • Race: Protoss Protoss
  • League: Silver
  • Spawn Location: 7:00

zidar

  • Race: Zerg Zerg
  • League: Gold
  • Spawn Location: 5:00

VOD

Have the link to the VOD?

Description

Time

  • Played on: June 15, 2016, 12:08 p.m.
  • Length: 14:12
Show
View Real Time Build Order
Export as new Build Order

HabboThis Protoss - Winner!

Build Orders:  

Get SALT Encoding   

  12  0:01  Probe (Chrono Boost)  
  13  0:12  Probe (Chrono Boost)  
  14  0:19  Pylon  
  14  0:23  Probe (Chrono Boost)  
  15  0:37  Probe (Chrono Boost)  
  15  0:40  Gateway  
  16  0:48  Probe (Chrono Boost)  
  17  0:50  Assimilator  
  17  0:58  Probe (Chrono Boost)  
  18  1:09  Probe (Chrono Boost)  
  19  1:19  Probe (Chrono Boost)  
  20  1:28  Cybernetics Core  
  20  1:34  Probe (Chrono Boost)  
  21  1:45  Nexus  
  21  1:54  Pylon  
  21  1:57  Probe (Chrono Boost)  
  22  2:04  Warp Gate (Chrono Boost)  
  23  2:08  Probe  
  23  2:12  Zealot  
  25  2:20  Probe  
  25  2:21  Assimilator  
  26  2:29  Gateway  
  26  2:32  Probe  
  27  2:50  Probe  
  27  3:02  Probe  
  27  3:04  Probe  
  29  3:14  Probe  
  29  3:15  Probe  
  29  3:16  Gateway  
  31  3:20  Pylon  
  31  3:25  Probe  
  31  3:26  Probe  
  33  3:40  Stargate  
  33  3:44  Gateway  
  33  3:45  Probe x2 (Chrono Boost)  
  33  3:46  Gateway  
  35  3:54  Assimilator  
  35  3:56  Probe x2 (Chrono Boost)  
  35  3:58  Assimilator  
  37  4:07  Probe x2 (Chrono Boost)  
  37  4:08  Sentry, Zealot  
  43  4:23  Probe x2 (Chrono Boost)  
  45  4:24  Oracle (Chrono Boost)  
  48  4:37  Zealot x2  
  52  4:38  Stalker  
  54  4:46  Pylon x2  
  54  5:03  Probe  
  54  5:04  Oracle (Chrono Boost), Probe  
  59  5:09  Robotics Facility  
  59  5:12  Robotics Facility  
  59  5:13  Probe  
  59  5:16  Probe  
  61  6:01  Probe (Chrono Boost)  
  61  6:03  Probe (Chrono Boost)  
  61  6:04  Robotics Bay  
  63  6:06  Stalker x3  
  69  6:15  Pylon  
  69  6:16  Pylon  
  69  6:17  Pylon  
  69  6:18  Pylon  
  69  6:28  Gateway  
  69  6:30  Gateway x2  
  69  6:33  Gateway, Immortal x2  
  77  6:52  Nexus  
  77  6:55  Pylon  
  77  6:56  Stalker  
  77  6:57  Assimilator  
  77  6:59  Assimilator  
  79  7:08  Stalker x2  
  83  7:12  Disruptor x2  
  89  7:19  Probe x2 (Chrono Boost)  
  91  7:40  Stalker x5  
  101  7:47  Disruptor x2  
  101  7:48  Pylon  
  101  7:49  Pylon  
  107  8:19  Forge  
  107  8:20  Forge  
  107  8:24  Pylon  
  107  8:25  Probe x3 (Chrono Boost)  
  110  8:35  Probe x2 (Chrono Boost)  
  110  8:37  Stalker x6  
  124  8:41  Disruptor  
  85  10:08  Stalker x6  
  85  10:09  Stalker x3  
  85  10:11  Immortal x2  
  105  10:24  Probe x2 (Chrono Boost)  
  105  10:28  Protoss Ground Weapons Level 1  
  107  10:29  Protoss Ground Armor Level 1  
  107  10:44  Zealot x2  
  107  10:45  Zealot x6  
  107  10:46  Zealot  
  125  10:53  Twilight Council  
  125  10:54  Disruptor x2 (Chrono Boost)  
  100  11:26  Immortal (Chrono Boost)  
  100  11:27  Immortal (Chrono Boost)  
  108  11:36  Probe  
  108  11:37  Probe x2  
  111  11:46  Stalker x6  
  111  11:47  Stalker x3  
  125  11:49  Probe  
  82  13:09  Stalker x5  
  82  13:10  Stalker x4  
  108  13:13  Immortal x2 (Chrono Boost)  
  82  13:49  Stalker  
  82  13:50  Stalker x5  
  94  13:55  Probe  
  94  13:57  Probe x2  
Show
View Real Time Build Order
Export as new Build Order

zidar Zerg 

Build Orders: Pool First 

Get SALT Encoding   

  12  0:02  Drone  
  13  0:09  Drone  
  13  0:13  Extractor  
  13  0:20  Overlord  
  14  0:23  Extractor  
  14  0:25  Drone  
  15  0:38  Drone  
  16  0:45  Spawning Pool  
  16  0:46  Drone  
  16  1:11  Hatchery  
  15  1:14  Drone  
  16  1:19  Extractor, Drone  
  16  1:26  Drone  
  17  1:35  Queen  
  19  1:46  Drone  
  20  2:01  Drone  
  20  2:03  Overlord  
  20  2:04  Drone  
  22  2:15  Roach Warren  
  22  2:18  Extractor  
  20  2:23  Queen  
  22  2:31  Metabolic Boost  
  22  2:38  Drone x2  
  24  2:53  Drone x4  
  28  3:04  Drone x3  
  31  3:22  Drone x5  
  36  3:40  Lair  
  36  3:52  Evolution Chamber  
  35  3:56  Roach, Evolution Chamber  
  35  3:59  Overlord x3  
  36  4:17  Queen  
  36  4:19  Hatchery  
  37  4:28  Drone x4  
  41  4:54  Zerg Missile Weapons Level 1, Hydralisk Den  
  41  4:55  Zerg Ground Armor Level 1  
  41  4:59  Drone x2  
  46  5:00  Drone x5  
  47  5:19  Extractor  
  47  5:21  Extractor, Pneumatized Carapace  
  42  5:55  Drone x3  
  42  5:56  Drone x2  
  47  6:01  Drone  
  47  6:02  Drone  
  49  6:07  Hydralisk x3  
  49  6:08  Hydralisk x5  
  65  6:22  Spore Crawler  
  65  6:23  Spore Crawler  
  63  6:27  Spore Crawler x2  
  64  6:47  Drone x5  
  65  6:54  Zerg Melee Weapons Level 1  
  65  7:01  Muscular Augments  
  65  7:12  Spore Crawler  
  64  7:16  Spore Crawler  
  64  7:18  Drone x3  
  64  7:21  Overlord x6  
  66  7:39  Drone x3  
  69  7:44  Drone  
  69  7:45  Drone x2  
  69  7:46  Drone  
  73  7:54  Drone x5  
  78  8:04  Hydralisk x6  
  91  8:05  Zergling x2  
  91  8:06  Zergling x2  
  91  8:07  Zergling x2  
  93  8:15  Hydralisk  
  93  8:16  Hydralisk x2  
  93  8:17  Zergling x2  
  100  8:26  Zergling x4  
  100  8:27  Zergling x8  
  106  8:38  Overlord  
  106  8:39  Overlord x3  
  106  8:56  Hydralisk x8  
  106  8:57  Zergling x2  
  106  8:58  Zergling x10  
  123  9:25  Hydralisk x4  
  102  9:53  Zergling x8  
  102  9:54  Zergling x6  
  102  9:55  Zergling x2, Hydralisk  
  95  10:21  Hydralisk  
  95  10:22  Hatchery, Hydralisk x4  
  95  10:26  Hatchery  
  103  10:45  Hydralisk  
  103  10:46  Hydralisk x4  
  81  11:26  Hydralisk x10  
  97  11:43  Hydralisk x7  
  75  12:12  Hydralisk x8  
  75  12:14  Zergling x2  
  61  12:57  Zergling x34  
  66  13:07  Zergling x2  
  65  13:24  Hatchery  
  56  13:43  Zergling x12  
Tags
 
Add a new tag
Caveats
  • Supply blocks, unpowered buildings, or Contaminate may cause inaccurate times.
  • Supply counts are checked every 10 seconds.